 Dungeon Crawl Stone Soup version 0.25.1-2-g60ff931df9 (webtiles) character file.

Game seed: 6786622787309124170

6833 ThunderChild the Fighter (level 10, -6/101 HPs)
             Began as a Minotaur Berserker on Oct 3, 2020.
             Was an Elder of Trog.
             Mangled by a skeletal warrior
             ... wielding a +0 trident
             ... led by a skeletal warrior
              (14 damage)
             ... on level 9 of the Dungeon on Oct 4, 2020.
             The game lasted 01:16:02 (11496 turns).

ThunderChild the Fighter (Minotaur Berserker)      Turns: 11496, Time: 01:16:04

Health: -6/101     AC: 13    Str: 25    XL:     10   Next: 77%
Magic:  0/9        EV:  8    Int:  4    God:    Trog [****..]
Gold:   305        SH:  0    Dex: 16    Spells: 9/9 levels left

rFire    . . .     SeeInvis .   m - +1 battleaxe (freeze)
rCold    + . .     Gourm    .   (shield currently unavailable)
rNeg     . . .     Faith    .   E - +0 plate armour
rPois    .         Spirit   +   (helmet restricted)
rElec    .         Reflect  .   (no cloak)
rCorr    .         Harm     .   (no gloves)
MR       .....                  (no boots)
Stlth    ..........             y - amulet of guardian spirit
HPRegen  0.26/turn              e - +6 ring of dexterity
MPRegen  0.11/turn              l - ring of protection from cold

@: berserk cooldown, slowed, very slow
A: retaliatory headbutt, horns 2
a: Berserk, Trog's Hand, Brothers in Arms, Renounce Religion


You were on level 9 of the Dungeon.
You worshipped Trog.
Trog was greatly pleased with you.
You were not hungry.

You visited 2 branches of the dungeon, and saw 11 of its levels.

You collected 305 gold pieces.

Inventory:

Hand Weapons
 i - a +0 hunting sling
 m - a +1 battleaxe of freezing (weapon)
 t - a +0 falchion
 w - a +0 scythe
 B - a +0 war axe
Missiles
 n - 188 stones (quivered)
Armour
 r - a +0 kite shield
 E - a +0 plate armour (worn)
Jewellery
 a - an uncursed ring of wizardry
 e - a +6 ring of dexterity (left hand)
 l - a ring of protection from cold (right hand)
 y - an amulet of guardian spirit (around neck)
Wands
 D - a wand of random effects (6)
 F - a wand of flame (6)
Scrolls
 b - 2 scrolls of enchant armour {unknown}
 f - 2 scrolls of noise {unknown}
 g - 3 scrolls of teleportation
 h - a scroll of blinking {unknown}
 o - a scroll of enchant weapon {unknown}
 s - 2 scrolls of fear
 x - a scroll of amnesia {unknown}
 z - 2 scrolls of identify
 A - 2 scrolls of remove curse {unknown}
 J - 2 scrolls of immolation {unknown}
Potions
 d - a potion of invisibility
 j - a potion of resistance
 k - 3 potions of lignification {unknown}
 p - 5 potions of heal wounds {unknown}
 q - 5 potions of flight
 u - a potion of degeneration {unknown}
 v - a potion of brilliance {unknown}
 C - a potion of magic {unknown}
 G - 2 potions of curing {unknown}
 H - a potion of stabbing {unknown}
Comestibles
 c - 7 rations


   Skills:
 + Level 13.4 Fighting
 * Level 9.7(10.8) Axes
   Level 4.8(7.9) Maces & Flails
 - Level 5.7(8.5) Polearms
 + Level 8.7 Armour
 - Level 2.1 Dodging


You had 9 spell levels left.
You didn't know any spells.
Your spell library was empty.

Dungeon Overview and Level Annotations

Branches:
Dungeon (10/15)            Temple (1/1) D:6             Orc (0/2) D:10
   Lair: D:8-11

Altars:
Cheibriados
Dithmenos
Elyvilon
Fedhas
Vehumet
Wu Jian
Yredelemnul
The Shining One

Shops:
D:7 (   D:9 }:   D:10 :*!

Annotations:
D:3 1 exclusion
D:9 3 runed translucent doors, sfoobar's ghost, novice MiBe


Innate Abilities, Weirdness & Mutations

You reflexively headbutt those who attack you in melee.
You have a pair of horns on your head.


Message History

You are no longer berserk.
You are exhausted.
You feel yourself slow down.
Your polar bear bites the skeletal warrior!
The skeletal warrior is destroyed!
Trog accepts your kill.
You hit the skeletal warrior but do no damage.
The skeletal warrior is heavily damaged.
Your polar bear bites the skeletal warrior!
Your polar bear closely misses the skeletal warrior.
Your polar bear claws the skeletal warrior but does no damage.
The skeletal warrior hits you from afar with a +0 trident!
* * * LOW HITPOINT WARNING * * *
The skeletal warrior hits you with a +0 mace!
* * * LOW HITPOINT WARNING * * *
Your polar bear bites the skeletal warrior!
Your polar bear closely misses the skeletal warrior.
Your polar bear claws the skeletal warrior but does no damage.
The skeletal warrior hits you from afar with a +0 trident!
You die...

..WDD## #####+##
#+++### #......#
......# #......#
......# #..[...#
......# #......#
......#### #......#
......z..# #......#
......##z###..h...#
..z...##..##.))z@.#
#z#######..#..z...#
#.# ##.'......# #.#
###......# #z#
###+#### #'# .z.
.... .....


You could see 2 skeletal warriors and a friendly polar bear (summoned, berserk).

Vanquished Creatures
  A kobold demonologist (D:10)
  A troll (D:10)
  3 hippogriffs (D:7)
  Sigmund (D:3)
  Eustachio (D:6)
  A wraith (D:7)
  A human (D:7)
  3 yaks (D:10)
  4 hogs (D:7)
  A steam dragon (D:7)
  A soldier ant (D:5)
  A water moccasin (D:7)
  A sky beast (D:5)
  3 ice beasts
  5 orc warriors
  3 ogres
  A phantom (D:8)
  A wolf (D:8)
  2 centaurs
  A crocodile (D:5)
  A bullfrog (D:9)
  3 scorpions
  A wight (D:6)
  A centaur zombie (D:8)
  A crimson imp (D:5)
  6 hounds
  A jelly (D:10)
  A bullfrog zombie (D:5)
  3 orc priests
  A bullfrog skeleton (D:8)
  7 orc wizards
  A centaur skeleton (D:8)
  A gnoll shaman (D:6)
  Jessica (D:3)
  Terence (D:2)
  6 iguanas
  4 worker ants
  A killer bee zombie (D:7)
  A hound skeleton (D:5)
  A worker ant zombie (D:5)
  10 adders
  10 gnolls
  A shadow imp (D:8)
  2 worms (D:4)
  6 dart slugs
  3 leopard geckos
  29 orcs
  3 ball pythons
  8 giant cockroaches
  8 goblins
  3 hobgoblins (D:1)
  13 jackals
  8 quokkas
  5 bats
  7 frilled lizards
  A jackal skeleton (D:4)
  11 kobolds
  A leopard gecko zombie (D:6)
  A quokka skeleton (D:5)
  10 rats
219 creatures vanquished.

Vanquished Creatures (collateral kills)
  2 skeletal warriors (D:9)
  A shadow (D:10)
  An orc warrior (D:8)
  A phantom (D:8)
  An orc priest (D:8)
  An orc (D:8)
7 creatures vanquished.

Vanquished Creatures (others)
  2 plants (D:9)
2 creatures vanquished.

Grand Total: 228 creatures vanquished

Notes
Turn   | Place    | Note
-------+----------+-------------------------------------------
     0 | D:1      | ThunderChild the Minotaur Berserker began the quest for the
                  | Orb.
     0 | D:1      | Reached XP level 1. HP: 19/19 MP: 0/0
   182 | D:1      | Reached skill level 4 in Fighting
   227 | D:1      | Reached XP level 2. HP: 21/27 MP: 1/1
   515 | D:1      | Reached XP level 3. HP: 34/34 MP: 2/2
   670 | D:1      | Reached ** piety under Trog
   740 | D:1      | Reached skill level 5 in Fighting
  1434 | D:2      | Reached XP level 4. HP: 30/42 MP: 3/3
  2209 | D:2      | Reached skill level 6 in Fighting
  2290 | D:2      | Reached XP level 5. HP: 50/50 MP: 4/4
  2811 | D:3      | Reached skill level 1 in Polearms
  2873 | D:3      | Noticed Sigmund
  3305 | D:3      | Noticed Jessica
  3309 | D:3      | Killed Jessica
  3392 | D:3      | Noticed Terence
  3518 | D:2      | Killed Terence
  3643 | D:3      | Killed Sigmund
  3643 | D:3      | Reached skill level 7 in Fighting
  3643 | D:3      | Reached XP level 6. HP: 54/60 MP: 5/5
  3776 | D:3      | Reached *** piety under Trog
  4036 | D:3      | Found a faded altar of an unknown god.
  4142 | D:4      | Reached skill level 8 in Fighting
  4257 | D:4      | Reached XP level 7. HP: 68/68 MP: 6/6
  4567 | D:4      | Found a glowing drain.
  5228 | D:5      | Entered Level 5 of the Dungeon
  5448 | D:5      | Reached skill level 9 in Fighting
  5828 | D:5      | Reached XP level 8. HP: 75/78 MP: 7/7
  5912 | D:5      | Reached skill level 5 in Polearms
  6415 | D:5      | Found a radiant altar of Vehumet.
  6419 | D:5      | Reached **** piety under Trog
  6419 | D:5      | Reached skill level 10 in Fighting
  6531 | D:5      | Found a glowing golden altar of the Shining One.
  6904 | D:5      | Reached skill level 5 in Armour
  7173 | D:6      | Found a staircase to the Ecumenical Temple.
  7191 | D:6      | Reached skill level 1 in Axes
  7468 | D:6      | Noticed Eustachio
  7687 | D:6      | Killed Eustachio
  7700 | D:5      | Reached XP level 9. HP: 62/86 MP: 6/8
  8018 | Temple   | Entered the Ecumenical Temple
  8071 | D:7      | Found a shadowy altar of Dithmenos.
  8071 | D:7      | Found a basalt altar of Yredelemnul.
  8079 | D:7      | Reached skill level 11 in Fighting
  8307 | D:7      | Reached skill level 5 in Axes
  8365 | D:7      | Found a blossoming altar of Fedhas.
  8999 | D:7      | Found Perroy's Antique Weapon Shop.
  9162 | D:7      | Reached skill level 12 in Fighting
  9170 | D:7      | Reached XP level 10. HP: 99/99 MP: 7/9
  9810 | D:8      | You fall into a shaft and drop 2 floors!
  9810 | D:10     | Entered Level 10 of the Dungeon
  9810 | D:10     | Found Vuniq's Distillery.
 10114 | D:10     | Found a staircase to the Orcish Mines.
 10157 | D:10     | Found Hosim's Assorted Antiques.
 10476 | D:10     | Found Nateph's Book Boutique.
 10557 | D:9      | Found Kilaz's Gadget Shoppe.
 10565 | D:9      | Reached skill level 13 in Fighting
 10588 | D:9      | Found Pylol's Book Emporium.
 10607 | D:9      | Found a runed translucent gate.
 10608 | D:9      | Found a runed translucent gate.
 10608 | D:9      | Found a runed translucent gate.
 10608 | D:9      | Noticed a nine-headed hydra
 10608 | D:9      | Noticed an 11-headed hydra
 10608 | D:9      | Noticed sfoobar's ghost (novice MiBe)
 11457 | D:9      | Noticed a skeletal warrior
 11457 | D:9      | Noticed a skeletal warrior
 11458 | D:9      | Noticed a skeletal warrior
 11458 | D:9      | Noticed a skeletal warrior
 11488 | D:9      | Killed a skeletal warrior
 11495 | D:9      | Killed a skeletal warrior
 11496 | D:9      | Mangled by a skeletal warrior

Illustrated notes

Levels and vault maps discovered:
D:1:      tarquinn_simple_flora_water_e, layout_rooms
D:2:      layout_basic, kennysheep_generic_room_8
D:3:      layout_basic, chequers_ecumenical_altar_simple, uniq_terence,
          uniq_sigmund, uniq_jessica
D:4:      layout_basic, first_ration, cheibrodos_sewer_entry_drain
D:5:      layout_rooms, marbit_many_paths, tso_altar
D:6:      layout_rooms, minmay_temple_entry_slanted, kb_rosetta, uniq_eustachio
D:7:      layout_gridville, chequers_temple_overflow_statue_of_worship,
          fedhas_altar_decomposition, serial_glass, glass_columns_a,
          glass_columns_a, glass_columns_a, glass_columns_a, glass_columns_a,
          glass_columns_b, glass_columns_a, glass_columns_a, glass_columns_c,
          glass_columns_a, glass_columns_b, glass_columns_b, glass_columns_a,
          glass_columns_b, serial_shops, shop, grunt_livestock
D:8:      layout_cave_pods, erik_lair_island
D:9:      layout_roguey, serial_shops, shop, shop, nicolae_shop_stone, shop,
          gammafunk_ghost_hydra_chop
D:10:     layout_basic, orc_david_3, serial_shops, shop,
          nicolae_shop_overgrown_old_shop, shop,
          nicolae_shop_competitors_out_of_business, lemuel_statue_altar
Temple:   regret_index_temple_mists

Skill      XL: |  1  2  3  4  5  6  7  8  9 10 |
---------------+-------------------------------+-----
Fighting       | 4 5 6 7 8 9 10 12 13 | 13.4
Maces & Flails | 4 |  4.8
Polearms       | 3 4 5 |  5.7
Armour         | 4 5 7 8 |  8.7
Axes           | 3 7 9 |  9.7
Dodging        | |  2.1

Action                   |  1- 3 |  4- 6 |  7- 9 | 10-12 || total
-------------------------+-------+-------+-------+-------++-------
Melee: Mace              |    68 |       |       |       ||    68
       Headbutt          |    10 |    12 |    49 |    30 ||   101
       Flail             |    15 |    27 |    55 |       ||    97
       Halberd           |       |    47 |       |       ||    47
       Scythe            |       |    21 |    22 |       ||    43
       War axe           |       |       |    90 |       ||    90
       Battleaxe         |       |       |    43 |    97 ||   140
 Fire: Hunting sling     |     2 |    11 |    11 |       ||    24
Throw: Stone             |    19 |    35 |   121 |    79 ||   254
       Dart              |       |       |    16 |       ||    16
Invok: Berserk           |     2 |     5 |     5 |     3 ||    15
       Brothers in Arms  |       |       |       |     3 ||     3
  Use: Scroll            |     2 |     3 |     4 |     2 ||    11
 Stab: Invisible         |       |       |     1 |       ||     1
  Eat: Chunk             |     3 |     7 |     7 |     1 ||    18
       Ration            |       |     2 |     4 |     3 ||     9
Armor: Leather armour    |    23 |    12 |       |       ||    35
       Ring mail         |       |    17 |    44 |       ||    61
       Plate armour      |       |       |    17 |    57 ||    74
Dodge: Dodged            |    59 |    73 |    95 |    45 ||   272
Block: Kite shield       |       |       |    59 |       ||    59
